SAA
BETHESDA ATOMS @ PHOENIX HOTSPUR YOUTH
08/08/2034
 
TOP OF THE 1ST
Bethesda Atoms batting - Pitching for Phoenix Hotspur Youth : RHP José Correa
Pitching: RHP José Correa
Batting: RHB Enrique Ibarra 0-0: TRIPLE (Line Drive, 8LD)
Batting: RHB Renato Zuvic 0-0: Foul Ball, location: 2F
0-1: Ball
1-1: Called Strike
1-2: Ground out 4-3 (Groundball, 4)
Enrique Ibarra scores
Batting: LHB Vinski Prifti 0-0: Ball
1-0: Ball
2-0: Ball
3-0: Called Strike
3-1: Called Strike
3-2: Base on Balls
Batting: LHB Gong Mao 0-0: Called Strike
0-1: Ball
1-1: Ball
2-1: Foul Ball, location: 2F
2-2: Ball
3-2: Fly out, F9 (Flyball, 9S)
Batting: LHB Sandor Addicks 0-0: Ball
1-0: Called Strike
1-1: Ball
2-1: Foul Ball, location: 2F
2-2: Fly out, F1 (Line Drive, 15)
Top of the 1st over - 1 run, 1 hit, 0 errors, 1 left on base; Bethesda 1 - Phoenix Hotspur 0
BOTTOM OF THE 1ST
Phoenix Hotspur Youth batting - Pitching for Bethesda Atoms : RHP Cristóbal Román
Pitching: RHP Cristóbal Román
Batting: RHB Alberto Ramírez 0-0: Ball
1-0: Ground out 6-3 (Groundball, 6M)
Batting: RHB Francisco Arriagada 0-0: Ground out 1-3 (Groundball, P)
Batting: LHB Phil Mazzeo 0-0: Foul Ball, location: 2F
0-1: Ball
1-1: Foul Ball, location: 2F
1-2: Ball
2-2: Foul Ball, location: 2F
2-2: Foul Ball, location: 2F
2-2: Foul Ball, location: 2F
2-2: Ball
3-2: Foul Ball, location: 2F
3-2: Base on Balls
Batting: LHB Carlos Rodríguez 0-0: Swinging Strike
0-1: Ball
Phil Mazzeo steals 2nd base
1-1: Ball
2-1: Foul Ball, location: 2F
2-2: Strikes out swinging
Bottom of the 1st over - 0 runs, 0 hits, 0 errors, 1 left on base; Bethesda 1 - Phoenix Hotspur 0
TOP OF THE 2ND
Bethesda Atoms batting - Pitching for Phoenix Hotspur Youth : RHP José Correa
Batting: SHB Joam Francia 0-0: Called Strike
0-1: Ball
1-1: Ball
2-1: Swinging Strike
2-2: Foul Ball, location: 2F
2-2: Ball
3-2: Foul Ball, location: 2F
3-2: Foul Ball, location: 2F
3-2: Base on Balls
Batting: LHB Jorge Ortíz 0-0: Called Strike
0-1: Fly out, F9 (Flyball, 9LS)
Batting: SHB Pedro Ortega 0-0: Called Strike
0-1: Ball
1-1: Ball
2-1: Foul Ball, location: 2F
2-2: Ball
3-2: Base on Balls
Joam Francia to second
Batting: RHB Diego Romero 0-0: Called Strike
0-1: Swinging Strike
0-2: Foul Ball, location: 2F
0-2: Foul Ball, location: 2F
0-2: Ball
Wild Pitch!
Joam Francia to third
Pedro Ortega to second
1-2: Fly out, F4 (Line Drive, 4)
Batting: RHB Enrique Ibarra 0-0: Called Strike
0-1: Ball
1-1: Ball
2-1: Ground out 5-3 (Groundball, 56S)
Top of the 2nd over - 0 runs, 0 hits, 0 errors, 2 left on base; Bethesda 1 - Phoenix Hotspur 0
BOTTOM OF THE 2ND
Phoenix Hotspur Youth batting - Pitching for Bethesda Atoms : RHP Cristóbal Román
Batting: RHB Jonas van Claveren 0-0: Foul Ball, location: 2F
0-1: Ball
1-1: Foul Ball, location: 2F
1-2: Foul Ball, location: 2F
1-2: Ball
2-2: SINGLE (Groundball, 56D)
Batting: LHB Damian Alldred 0-0: Ball
1-0: Ball
2-0: Called Strike
2-1: Ground out U3 (Groundball, 23)
Jonas van Claveren to second
Batting: RHB José Souza 0-0: Ball
1-0: Ball
2-0: Ball
3-0: Called Strike
3-1: Base on Balls
Batting: RHB Myles Brundidge 0-0: Ball
1-0: Ball
2-0: Ball
3-0: Called Strike
3-1: Base on Balls
Jonas van Claveren to third
José Souza to second
Batting: RHB Braylen Sampson 0-0: Called Strike
0-1: Ball
1-1: Ball
2-1: Foul Ball, location: 2F
2-2: Ball
3-2: Base on Balls
Jonas van Claveren scores
José Souza to third
Myles Brundidge to second
Batting: RHB Alberto Ramírez 0-0: Swinging Strike
0-1: Ball
1-1: Swinging Strike
1-2: Ball
2-2: Strikes out looking
Batting: RHB Francisco Arriagada 0-0: Ball
1-0: Called Strike
1-1: Ground out U3 (Groundball, 34)
Bottom of the 2nd over - 1 run, 1 hit, 0 errors, 3 left on base; Bethesda 1 - Phoenix Hotspur 1
TOP OF THE 3RD
Bethesda Atoms batting - Pitching for Phoenix Hotspur Youth : RHP José Correa
Batting: RHB Renato Zuvic 0-0: Called Strike
0-1: Swinging Strike
0-2: Hit by Pitch
Batting: LHB Vinski Prifti 0-0: SINGLE (Groundball, 13) (infield hit)
Renato Zuvic to second
Batting: LHB Gong Mao 0-0: Called Strike
0-1: Ball
1-1: Foul Ball, location: 2F
1-2: Ball
Balk!
Renato Zuvic to third
Vinski Prifti to second
2-2: DOUBLE (Line Drive, 9LD)
Renato Zuvic scores
Vinski Prifti scores
Batting: LHB Sandor Addicks 0-0: Foul Ball, location: 2F
0-1: Ball
1-1: Swinging Strike
1-2: 2-RUN HOME RUN (Flyball, 9LD), Distance : 351 ft
Batting: SHB Joam Francia 0-0: Ball
1-0: Foul Ball, location: 2F
1-1: Swinging Strike
1-2: Strikes out swinging
Batting: LHB Jorge Ortíz 0-0: Ball
1-0: Ball
2-0: Called Strike
2-1: Foul Ball, location: 2F
2-2: Ball
3-2: Base on Balls
Batting: SHB Pedro Ortega 0-0: Called Strike
0-1: Ball
1-1: Ball
2-1: Foul Ball, location: 2F
2-2: Fly out, F9 (Flyball, 9)
Batting: RHB Diego Romero 0-0: Called Strike
0-1: Called Strike
0-2: Ball
Jorge Ortíz steals 2nd base
1-2: Ball
2-2: Ball
3-2: Base on Balls
Batting: RHB Enrique Ibarra 0-0: Fly out, F8 (Flyball, 8RD)
Top of the 3rd over - 4 runs, 3 hits, 0 errors, 2 left on base; Bethesda 5 - Phoenix Hotspur 1
BOTTOM OF THE 3RD
Phoenix Hotspur Youth batting - Pitching for Bethesda Atoms : RHP Cristóbal Román
Batting: LHB Phil Mazzeo 0-0: Ball
1-0: Ball
2-0: Foul Ball, location: 2F
2-1: Ball
3-1: Swinging Strike
3-2: Foul Ball, location: 2F
3-2: Foul Ball, location: 2F
3-2: Foul Ball, location: 2F
3-2: Fly out, F7 (Flyball, 7S)
Batting: LHB Carlos Rodríguez 0-0: Ball
1-0: Fly out, F9 (Flyball, 89M)
Batting: RHB Jonas van Claveren 0-0: Called Strike
0-1: Swinging Strike
0-2: Ball
1-2: Ground out 6-3 (Groundball, 6M)
Bottom of the 3rd over - 0 runs, 0 hits, 0 errors, 0 left on base; Bethesda 5 - Phoenix Hotspur 1
TOP OF THE 4TH
Bethesda Atoms batting - Pitching for Phoenix Hotspur Youth : RHP José Correa
Batting: RHB Renato Zuvic 0-0: Swinging Strike
0-1: Foul Ball, location: 2F
0-2: Foul Ball, location: 2F
0-2: Foul Ball, location: 2F
0-2: Ground out 5-3 (Groundball, 56S)
Batting: LHB Vinski Prifti 0-0: Called Strike
0-1: Ball
1-1: Ball
2-1: Foul Ball, location: 2F
2-2: Foul Ball, location: 2F
2-2: Ball
3-2: Strikes out looking
Batting: LHB Gong Mao 0-0: Ground out 4-3 (Groundball, 4)
Top of the 4th over - 0 runs, 0 hits, 0 errors, 0 left on base; Bethesda 5 - Phoenix Hotspur 1
BOTTOM OF THE 4TH
Phoenix Hotspur Youth batting - Pitching for Bethesda Atoms : RHP Cristóbal Román
Batting: LHB Damian Alldred 0-0: Swinging Strike
0-1: Ball
1-1: Foul Ball, location: 2F
1-2: SINGLE (Flyball, 89M)
Batting: RHB José Souza 0-0: Ball
1-0: Called Strike
1-1: Ball
2-1: Swinging Strike
2-2: Foul Ball, location: 2F
2-2: Strikes out swinging
Batting: RHB Myles Brundidge 0-0: Ball
1-0: Ball
2-0: Called Strike
2-1: Called Strike
2-2: Foul Ball, location: 2F
2-2: Foul Ball, location: 2F
2-2: Ball
3-2: Grounds into double play, 6-4-3 (Groundball, 56)
Bottom of the 4th over - 0 runs, 1 hit, 0 errors, 0 left on base; Bethesda 5 - Phoenix Hotspur 1
TOP OF THE 5TH
Bethesda Atoms batting - Pitching for Phoenix Hotspur Youth : RHP José Correa
Batting: LHB Sandor Addicks 0-0: Called Strike
0-1: SINGLE (Groundball, 4MD)
Batting: SHB Joam Francia 0-0: Ball
1-0: Ball
2-0: Called Strike
2-1: Ball
3-1: Called Strike
3-2: Strikes out swinging
Sandor Addicks steals 2nd base
Batter strikes out.
Pitching: RHP Coy Mitoglou
Batting: LHB Jorge Ortíz 0-0: Called Strike
0-1: Foul Ball, location: 2F
0-2: Ground out 3-1 (Groundball, 23)
Sandor Addicks to third
Batting: SHB Pedro Ortega 0-0: Ball
1-0: Ball
2-0: Called Strike
2-1: Fly out, F8 (Flyball, 8RXD)
Top of the 5th over - 0 runs, 1 hit, 0 errors, 1 left on base; Bethesda 5 - Phoenix Hotspur 1
BOTTOM OF THE 5TH
Phoenix Hotspur Youth batting - Pitching for Bethesda Atoms : RHP Cristóbal Román
Batting: RHB Braylen Sampson 0-0: Called Strike
0-1: SINGLE (Groundball, 56D)
Batting: RHB Alberto Ramírez 0-0: Foul Ball, location: 2F
0-1: Ball
1-1: Foul Ball, location: 2F
1-2: Ball
2-2: Foul Ball, location: 2F
2-2: Strikes out swinging
Batting: RHB Francisco Arriagada 0-0: Grounds into double play, 5-4-3 (Groundball, 5)
Bottom of the 5th over - 0 runs, 1 hit, 0 errors, 0 left on base; Bethesda 5 - Phoenix Hotspur 1
TOP OF THE 6TH
Bethesda Atoms batting - Pitching for Phoenix Hotspur Youth : RHP Coy Mitoglou
Batting: RHB Diego Romero 0-0: Ball
1-0: Foul Ball, location: 2F
1-1: Foul Ball, location: 2F
1-2: Foul Ball, location: 2F
1-2: Foul Ball, location: 2F
1-2: Foul Ball, location: 2F
1-2: Ball
2-2: Foul Ball, location: 2F
2-2: Ball
3-2: Ground out 6-3 (Groundball, 6)
Batting: RHB Enrique Ibarra 0-0: Ball
1-0: Called Strike
1-1: SINGLE (Groundball, 56D)
Batting: RHB Renato Zuvic 0-0: Ball
1-0: Ball
2-0: Called Strike
2-1: Called Strike
2-2: Ground out 5-3 (Groundball, 56S)
Enrique Ibarra to second
Batting: LHB Vinski Prifti 0-0: Called Strike
0-1: Ground out 6-3 (Groundball, 56)
Top of the 6th over - 0 runs, 1 hit, 0 errors, 1 left on base; Bethesda 5 - Phoenix Hotspur 1
BOTTOM OF THE 6TH
Phoenix Hotspur Youth batting - Pitching for Bethesda Atoms : RHP Cristóbal Román
Batting: LHB Phil Mazzeo 0-0: Ball
1-0: Ground out 4-3 (Groundball, 4)
Batting: LHB Carlos Rodríguez 0-0: Called Strike
0-1: Ball
1-1: Ground out 4-3 (Groundball, 4)
Batting: RHB Jonas van Claveren 0-0: Called Strike
0-1: Ball
1-1: Ball
2-1: Ball
3-1: Fly out, F9 (Flyball, 9)
Bottom of the 6th over - 0 runs, 0 hits, 0 errors, 0 left on base; Bethesda 5 - Phoenix Hotspur 1
TOP OF THE 7TH
Bethesda Atoms batting - Pitching for Phoenix Hotspur Youth : RHP Coy Mitoglou
Batting: LHB Gong Mao 0-0: Ball
1-0: Ball
2-0: Ball
3-0: Called Strike
3-1: SINGLE (Groundball, 34D)
Batting: LHB Sandor Addicks 0-0: Ball
1-0: Called Strike
1-1: Called Strike
1-2: Ball
2-2: Fly out, F8 (Line Drive, 8RD)
Batting: SHB Joam Francia 0-0: Called Strike
0-1: Grounds into double play, 4-6-3 (Groundball, 4)
Top of the 7th over - 0 runs, 1 hit, 0 errors, 0 left on base; Bethesda 5 - Phoenix Hotspur 1
BOTTOM OF THE 7TH
Phoenix Hotspur Youth batting - Pitching for Bethesda Atoms : RHP Cristóbal Román
Batting: LHB Damian Alldred 0-0: Called Strike
0-1: Swinging Strike
0-2: Ball
1-2: SINGLE (Line Drive, 9S)
Pitching: LHP Dave Tonnochy
Batting: RHB José Souza 0-0: Called Strike
0-1: Foul Ball, location: 2F
0-2: Foul Ball, location: 2F
0-2: Ball
1-2: DOUBLE (Flyball, 89XD)
Damian Alldred to third
Runner from 3rd tries for Home, SAFE, no throw
Batting: RHB Myles Brundidge 0-0: Ball
1-0: Foul Ball, location: 2F
1-1: DOUBLE (Line Drive, 78D)
José Souza scores
Batting: RHB Braylen Sampson 0-0: Ground out 6-3 (Groundball, 6)
Myles Brundidge to third
Batting: RHB Alberto Ramírez 0-0: Foul Ball, location: 2F
0-1: SINGLE (Line Drive, 56)
Myles Brundidge scores
Batting: RHB Francisco Arriagada 0-0: Grounds into double play, 4-6-3 (Groundball, 4)
Bottom of the 7th over - 3 runs, 4 hits, 0 errors, 0 left on base; Bethesda 5 - Phoenix Hotspur 4
TOP OF THE 8TH
Bethesda Atoms batting - Pitching for Phoenix Hotspur Youth : RHP Coy Mitoglou
Batting: LHB Jorge Ortíz 0-0: Fly out, F9 (Flyball, 9LD)
Batting: SHB Pedro Ortega 0-0: Ground out U3 (Groundball, 3L)
Batting: RHB Diego Romero 0-0: Foul Ball, location: 2F
0-1: Fly out, F7 (Flyball, 78M)
Top of the 8th over - 0 runs, 0 hits, 0 errors, 0 left on base; Bethesda 5 - Phoenix Hotspur 4
BOTTOM OF THE 8TH
Phoenix Hotspur Youth batting - Pitching for Bethesda Atoms : LHP Dave Tonnochy
Batting: LHB Phil Mazzeo 0-0: Ball
1-0: SINGLE (Groundball, 34D)
Pitching: LHP Ben Olsen
Batting: LHB Carlos Rodríguez 0-0: Ball
1-0: Called Strike
1-1: Ball
2-1: Foul Ball, location: 2F
2-2: 2-RUN HOME RUN (Flyball, 9D), Distance : 373 ft
Batting: RHB Jonas van Claveren 0-0: Called Strike
0-1: Ball
1-1: Ball
2-1: Called Strike
2-2: Foul Ball, location: 2F
2-2: SINGLE (Line Drive, 8RS)
Batting: LHB Damian Alldred 0-0: Bunted foul
0-1: Ball
1-1: Ball
2-1: Bunted foul
2-2: Foul Ball, location: 2F
2-2: Strikes out swinging
Batting: RHB José Souza 0-0: Swinging Strike
0-1: Ball
Jonas van Claveren is caught stealing 2nd base
1-1: Foul Ball, location: 2F
1-2: Ball
2-2: Ball
3-2: Fly out, F8 (Flyball, 8RS)
Bottom of the 8th over - 2 runs, 3 hits, 0 errors, 0 left on base; Bethesda 5 - Phoenix Hotspur 6
TOP OF THE 9TH
Bethesda Atoms batting - Pitching for Phoenix Hotspur Youth : RHP Coy Mitoglou
Now at C: Bill Poole
Now at 1B: Tyler Kinjeketile
Now at 3B: Greg Billingsley
Now in RF: Joseph Antoine
Pinch Hitting: LHB Rob Rodríguez 0-0: Ball
1-0: Swinging Strike
1-1: Ball
2-1: Ball
3-1: Base on Balls
Batting: RHB Renato Zuvic 0-0: Bunted foul
0-1: Ball
1-1: Sac Bunt - play at first, batter OUT! 3-4
Rob Rodríguez to second
Batting: LHB Vinski Prifti 0-0: Fly out, F3 (Popup, 3F)
Batting: LHB Gong Mao 0-0: Ball
1-0: Ball
2-0: Called Strike
2-1: Foul Ball, location: 2F
2-2: Ground out 4-3 (Groundball, 4)
Top of the 9th over - 0 runs, 0 hits, 0 errors, 1 left on base; Bethesda 5 - Phoenix Hotspur 6
Friday, March 29th, 2019 - OOTP Baseball 18.8 Build 76